 Dungeon Crawl Stone Soup version 0.22-a0-422-g9628fc8 (webtiles) character file.

24744 HelenOfTrog the Fencer (level 12, -1/115 HPs)
             Began as a Minotaur Gladiator on May 23, 2018.
             Was an Elder of Wu Jian.
             Slain by a ten-headed hydra (7 damage)
             ... on level 4 of the Lair of Beasts.
             The game lasted 00:42:07 (17246 turns).

HelenOfTrog the Fencer (Minotaur Gladiator)        Turns: 17246, Time: 00:42:09

Health: -1/115     AC: 17    Str: 19    XL:     12   Next: 83%
Magic:  15/15      EV:  8    Int:  3    God:    Wu Jian [****..]
Gold:   467        SH:  0    Dex: 19    Spells: 4/11 levels left

rFire    . . .     SeeInvis .   w - +4 great sword (holy)
rCold    . . .     Gourm    .   (shield currently unavailable)
rNeg     + . .     Faith    .   v - +1 plate armour
rPois    .         Spirit   .   c - +0 hat
rElec    .         Reflect  .   N - +0 cloak
rCorr    .         Harm     .   (no gloves)
MR       +....                  X - +0 pair of boots
Stlth    ..........             P - amulet of magic regeneration
HPRegen  0.29/turn              m - ring of wizardry
MPRegen  0.39/turn              B - ring of positive energy

@: no status effects
A: retaliatory headbutt, horns 2, agile 1, dopey 1, magic resistance 1
a: Wall Jump, Serpent's Lash, Renounce Religion


You were on level 4 of the Lair of Beasts.
You worshipped Wu Jian.
Wu Jian was greatly pleased with you.
You were not hungry.

You visited 3 branches of the dungeon, and saw 15 of its levels.

You collected 803 gold pieces.
You spent 336 gold pieces at shops.


Innate Abilities, Weirdness & Mutations

You reflexively headbutt those who attack you in melee.
You have a pair of horns on your head.
You are agile. (Dex +2)
You are dopey. (Int -2)
You are resistant to hostile enchantments. (MR+)


   Skills:
 + Level 13.5 Fighting
 * Level 18.1 Long Blades
 - Level 2.2 Throwing
 + Level 7.6 Armour
 - Level 3.4 Dodging
 + Level 5.7 Evocations


You had 4 spell levels left.
You knew the following spells:

 Your Spells              Type           Power        Failure   Level  Hunger
a - Swiftness             Chrm/Air       #.......     100%        2    ###....
b - Apportation           Tloc           #.....       99%         1    ##.....
c - Airstrike             Air            #.........   100%        4    #####..

Your spell library contained the following spells:

 Spells                   Type           Power        Failure   Level  Hunger
 Lightning Bolt           Conj/Air       #.........   100%        5    ######.
 Confuse                  Hex            #.......     100%        3    ####...
 Summon Small Mammal      Summ           #...         99%         1    ##.....
 Animate Skeleton         Necr           N/A          99%         1    ##.....
 Shock                    Conj/Air       #...         99%         1    ##.....
 Confusing Touch          Hex            #.....       99%         1    ##.....
 Metabolic Englaciation   Hex/Ice        #.........   100%        5    ######.
 Static Discharge         Conj/Air       #.......     100%        3    ####...
 Petrify                  Tmut/Erth      #.......     100%        4    #####..
 Gell's Gravitas          Tloc           #.........   100%        3    ####...
 Yara's Violent Unravell  Hex/Tmut       #.........   100%        5    ######.


Dungeon Overview and Level Annotations

Branches:
Dungeon (10/15)            Temple (1/1) D:7            Lair (4/6) D:10
  Swamp (0/4) Lair:3       Spider (0/4) Lair:2
    Orc: D:9-12

Altars:
Ashenzari
Cheibriados
Dithmenos
Elyvilon
Fedhas
Gozag
Hepliaklqana
Kikubaaqudgha
Makhleb
Nemelex Xobeh
Okawaru
Qazlal
Ru
Sif Muna
Trog
Uskayaw
Vehumet
Wu Jian
Xom
Yredelemnul
Zin
The Shining One

Shops:
D:4 }   D:9 *(

Annotations:
D:5 2 transporters

Inventory:

Hand Weapons
 w - a +4 great sword of holy wrath (weapon)
   (You acquired it on level 3 of the Lair of Beasts)
 y - a +0 blowgun
Missiles
 d - 3 throwing nets (quivered)
 p - 10 javelins
 t - 27 tomahawks
 z - 68 poisoned needles
 I - 11 curare-tipped needles
Armour
 c - a +0 hat (worn)
 v - a +1 plate armour (worn)
 H - a +0 shield
 N - a +0 cloak (worn)
 S - the +0 pair of gloves of Vuov {rC- Str+5}
   (You bought it in a shop on level 9 of the Dungeon)

   It affects your strength (+5).
   It makes you vulnerable to cold.
 X - a +0 pair of boots (worn)
Jewellery
 m - a ring of wizardry (left hand)
 s - an uncursed ring of fire
 B - a ring of positive energy (right hand)
 K - an uncursed ring of ice
 P - an amulet of magic regeneration (around neck)
Wands
 u - a wand of iceblast (24)
 D - a wand of paralysis (12)
 O - a wand of acid (15)
 U - a wand of flame (57)
Scrolls
 x - 3 scrolls of remove curse {@r8}
 A - a scroll of blinking
 E - 5 scrolls of enchant weapon
 F - 4 scrolls of identify {@r9}
 R - a scroll of fear
 V - a scroll of amnesia
 Y - 4 scrolls of teleportation {@r4}
Potions
 g - 4 potions of might
 h - 7 potions of curing {@q1}
 i - 2 potions of flight
 l - 2 potions of agility
 n - a potion of cancellation
 G - 2 potions of heal wounds {@q2}
 L - 2 potions of invisibility
 M - 2 potions of ambrosia {!e}
 Q - 2 potions of magic
 T - 2 potions of haste {@q3}
 W - a potion of lignification {!q}
Miscellaneous
 C - a lamp of fire (inert)
 Z - a fan of gales
Comestibles
 f - 20 rations

#..... #.#?.# .....
#.#.. .... #.P.## ..
...##....# . #..
#..##...###.)
.#..##............. ..
.P..P#..##.........#...
.P........@D.# ###.#.#
............P#..
P#...##
.................
.....#
PP.##...##..######...#
## ###..#### #....#####
#%## #####P<.....#
#%#### #.#.....P..##
##.P#.###.P).#####..#
#...........## ..


You could see a ten-headed hydra.


Message History

You headbutt the seven-headed hydra.
The seven-headed hydra is severely wounded.
The seven-headed hydra bites you but does no damage. x4
The seven-headed hydra bites you! The seven-headed hydra bites you.
The seven-headed hydra bites you but does no damage.
You chop one of the seven-headed hydra's heads off!
The six-headed hydra grows two more!
You hit the eight-headed hydra.
The eight-headed hydra is heavily wounded.
The eight-headed hydra bites you!
The eight-headed hydra bites you but does no damage. x3
The eight-headed hydra bites you. x2
The eight-headed hydra bites you but does no damage.
The eight-headed hydra bites you.
You chop one of the eight-headed hydra's heads off!
The seven-headed hydra grows two more!
You slice the nine-headed hydra!! You headbutt the nine-headed hydra!
The nine-headed hydra is almost dead.
Unknown command.
You lop one of the nine-headed hydra's heads off!
The eight-headed hydra grows two more!
You slash the ten-headed hydra!
The ten-headed hydra is severely wounded.
The ten-headed hydra bites you! x2; The ten-headed hydra bites you.
The ten-headed hydra closely misses you.
The ten-headed hydra bites you.
The ten-headed hydra bites you but does no damage. x2
The ten-headed hydra bites you.
* * * LOW HITPOINT WARNING * * *
The ten-headed hydra bites you!
* * * LOW HITPOINT WARNING * * *
The ten-headed hydra bites you but does no damage.
You hit the ten-headed hydra.
The ten-headed hydra is almost dead.
The ten-headed hydra closely misses you.
You furiously retaliate!
You headbutt the ten-headed hydra.
The ten-headed hydra bites you but does no damage.
The ten-headed hydra barely misses you. The ten-headed hydra bites you!
* * * LOW HITPOINT WARNING * * *
The ten-headed hydra bites you but does no damage.
The ten-headed hydra bites you.
* * * LOW HITPOINT WARNING * * *
The ten-headed hydra barely misses you.
The ten-headed hydra bites you but does no damage. x3
You hit the ten-headed hydra but do no damage.
The ten-headed hydra is almost dead.
The ten-headed hydra barely misses you.
You riposte.
You slash the ten-headed hydra!
The ten-headed hydra is almost dead.
The ten-headed hydra bites you!
* * * LOW HITPOINT WARNING * * *
The ten-headed hydra closely misses you.
The ten-headed hydra bites you.
* * * LOW HITPOINT WARNING * * *
The ten-headed hydra bites you.
* * * LOW HITPOINT WARNING * * *
The ten-headed hydra bites you!
* * * LOW HITPOINT WARNING * * *
The ten-headed hydra bites you but does no damage.
The ten-headed hydra barely misses you.
The ten-headed hydra bites you but does no damage. x2
Evoke which item? (* to show all) (? for menu, Esc to quit)
Aiming: Corrosive Bolt
Aim: a ten-headed hydra (almost dead)
The bolt of acid misses the ten-headed hydra.
The ten-headed hydra bites you but does no damage. x3
The ten-headed hydra bites you.
* * * LOW HITPOINT WARNING * * *
The ten-headed hydra closely misses you.
The ten-headed hydra bites you but does no damage. x2
The ten-headed hydra bites you!
You die...

Action                   |  1- 3 |  4- 6 |  7- 9 | 10-12 || total
-------------------------+-------+-------+-------+-------++-------
Melee: Long sword        |    65 |   132 |   169 |       ||   366
       Headbutt          |     8 |    30 |    80 |   163 ||   281
       Great sword       |       |       |   162 |   571 ||   733
Throw: Throwing net      |       |     1 |       |       ||     1
Invok: Lunge             |       |       |    15 |    55 ||    70
       Whirlwind         |       |       |     2 |     7 ||     9
       Wall Jump         |       |       |       |     8 ||     8
Evoke: Wand              |       |       |       |     4 ||     4
       Lamp of fire      |       |       |       |     1 ||     1
  Use: Scroll            |       |     9 |     8 |    12 ||    29
       Potion            |       |       |     4 |     3 ||     7
 Stab: Paralysed         |       |       |       |     1 ||     1
  Eat: Chunk             |     1 |     8 |    17 |    25 ||    51
       Ration            |       |       |     1 |     1 ||     2
Armor: Leather armour    |    22 |     6 |       |       ||    28
       Plate armour      |       |    74 |   180 |   338 ||   592
Dodge: Dodged            |    53 |    58 |    91 |   192 ||   394
       Rpst.: Long sword |    13 |    15 |    10 |       ||    38
       Great sword       |       |       |    13 |    46 ||    59

Vault maps used:
D:1:      lightli_arrival_lavapool
D:2:      nicolae_overflow_crystal_walls, minmay_goblin_outpost
D:4:      nicolae_qazlal_general_emergency, kennysheep_mini, serial_shops, shop,
          nemelex_dance_club_becter
D:5:      gammafunk_temple_overflow_arena, first_ration, uniq_menkaure,
          uniq_edmund
D:6:      yredelemnul_altar_generic, grunt_temple_overflow_opulence
D:7:      marbit_many_paths, hangedman_ru_absence, trog_eyes_of_draining,
          minmay_temple_entry_enclosed_plants
D:8:      lemuel_round_altar, the_bakery
D:9:      eat_drink_and_be_merry_uskayaw, serial_shops, shop, shop_fountains
D:10:     erik_lair_dragon
Temple:   jpeg_temple_alley_garden
Lair:1:   hangedman_lair_generics_rect, uniq_sonja
Lair:2:   wad_woods_structure_01, nicolae_spider_entry_non_spiders
Lair:3:   minmay_swamp_entry_swarm, grunt_megastairs_2, serial_bayou_shore_b
Lair:4:   serial_bayou_shore_b

Notes
Turn   | Place    | Note
-------+----------+-------------------------------------------
     0 | D:1      | HelenOfTrog the Minotaur Gladiator began the quest for the Orb.
     0 | D:1      | Reached XP level 1. HP: 18/18 MP: 0/0
   191 | D:1      | Reached XP level 2. HP: 25/25 MP: 1/1
   279 | D:1      | Reached skill level 3 in Fighting
   279 | D:1      | Reached skill level 4 in Long Blades
   638 | D:1      | Reached XP level 3. HP: 30/31 MP: 2/2
  1019 | D:2      | Reached skill level 5 in Long Blades
  1248 | D:2      | Reached XP level 4. HP: 36/39 MP: 3/3
  1417 | D:2      | Found a snail-covered altar of Cheibriados.
  2107 | D:3      | Reached skill level 4 in Fighting
  2215 | D:3      | Reached XP level 5. HP: 46/46 MP: 4/4
  2744 | D:4      | Found a radiant altar of Vehumet.
  2755 | D:4      | Found Iwewkiul's Gadget Boutique.
  3043 | D:4      | Reached skill level 6 in Long Blades
  3116 | D:4      | HP: 11/47 [poisoned by a worker ant]
  3394 | D:4      | Found a sparkling altar of Nemelex Xobeh.
  3466 | D:4      | Found a stormy altar of Qazlal.
  3746 | D:5      | Entered Level 5 of the Dungeon
  3787 | D:5      | Noticed Menkaure
  3801 | D:5      | Killed Menkaure
  3801 | D:5      | Reached skill level 7 in Long Blades
  3801 | D:5      | Reached XP level 6. HP: 32/55 MP: 5/5
  3805 | D:5      | Reached skill level 5 in Fighting
  3858 | D:5      | Noticed an ice beast
  3867 | D:5      | Killed an ice beast
  3982 | D:5      | Noticed an ice beast
  3988 | D:5      | Killed an ice beast
  3988 | D:5      | Reached skill level 8 in Long Blades
  3988 | D:5      | Reached XP level 7. HP: 55/61 MP: 6/6
  4251 | D:5      | Found a transporter.
  4253 | D:5      | Found a transporter.
  4268 | D:5      | Found a blossoming altar of Fedhas.
  4367 | D:5      | Noticed Edmund
  4378 | D:5      | HP: 13/62 [Edmund/dire flail of draining (5)]
  4382 | D:5      | Killed Edmund
  4382 | D:5      | Reached skill level 6 in Fighting
  4384 | D:5      | Reached skill level 9 in Long Blades
  5436 | D:6      | Reached XP level 8. HP: 71/71 MP: 7/7
  5528 | D:6      | Found a basalt altar of Yredelemnul.
  5558 | D:6      | Reached skill level 7 in Fighting
  5565 | D:6      | Reached skill level 10 in Long Blades
  5570 | D:6      | HP: 17/73 [orc/trident (4)]
  5575 | D:6      | HP: 9/73 [something/magic dart (3)]
  5580 | D:6      | HP: 14/73 [something/magic dart (1)]
  5968 | D:6      | Found an opulent altar of Gozag.
  5969 | D:6      | Found a sparkling altar of Nemelex Xobeh.
  6191 | D:7      | Learned a level 2 spell: Swiftness
  6235 | D:7      | Found a bloodstained altar of Trog.
  6260 | D:7      | Reached skill level 11 in Long Blades
  6530 | D:7      | Reached skill level 8 in Fighting
  6628 | D:7      | Found a staircase to the Ecumenical Temple.
  6634 | Temple   | Entered the Ecumenical Temple
  6931 | D:7      | Found a sacrificial altar of Ru.
  7223 | D:7      | Found a hazy altar of Hepliaklqana.
  7265 | D:7      | Reached XP level 9. HP: 82/82 MP: 8/8
  7637 | D:8      | Reached skill level 12 in Long Blades
  7677 | D:8      | HP: 19/82 [poisoned by a killer bee]
  7682 | D:8      | HP: 13/82 [poisoned by a killer bee]
  7687 | D:8      | HP: 8/82 [poisoned by a killer bee]
  7693 | D:8      | HP: 6/82 [poisoned by a killer bee]
  7699 | D:8      | HP: 4/82 [poisoned by a killer bee]
  7705 | D:8      | HP: 4/82 [poisoned by a killer bee]
  7712 | D:8      | HP: 3/82 [poisoned by a killer bee]
  8097 | D:8      | Reached skill level 9 in Fighting
  8360 | D:8      | Found an ornate altar of the Wu Jian Council.
  8378 | D:8      | Became a worshipper of the Wu Jian Council
  8481 | D:8      | Reached skill level 13 in Long Blades
  8719 | D:8      | Learned a level 1 spell: Apportation
  8724 | D:8      | Learned a level 4 spell: Airstrike
  8778 | D:8      | Reached * piety under Wu Jian
  8900 | D:9      | Reached skill level 10 in Fighting
  8985 | D:9      | Found Vaisid's Assorted Antiques.
  8989 | D:9      | Reached XP level 10. HP: 88/93 MP: 9/9
  9000 | D:9      | Reached skill level 14 in Long Blades
  9264 | D:9      | Bought a scroll labeled PYISIH XYTHOU for 32 gold pieces
  9264 | D:9      | Bought a pair of warped gloves for 304 gold pieces
  9269 | D:9      | Identified the cursed +0 pair of gloves of Vuov {rC- Str+5} (You bought it in a shop on level 9 of the Dungeon)
  9411 | D:9      | Found Juapan's Antique Weapon Shoppe.
  9564 | D:9      | Found a hide-covered altar of Uskayaw.
  9721 | D:10     | Entered Level 10 of the Dungeon
  9738 | D:10     | Reached skill level 11 in Fighting
  9886 | D:10     | Reached skill level 15 in Long Blades
  9928 | D:10     | Reached ** piety under Wu Jian
 10537 | D:10     | Reached skill level 1 in Armour
 10547 | D:10     | Reached XP level 11. HP: 78/104 MP: 10/10
 10551 | D:10     | Reached skill level 1 in Evocations
 10584 | D:10     | Killed an unseen horror
 10800 | D:10     | Reached skill level 2 in Armour
 11103 | D:10     | Reached skill level 16 in Long Blades
 11103 | D:10     | Reached skill level 2 in Evocations
 11328 | D:10     | Found a staircase to the Lair.
 11486 | Lair:1   | Entered Level 1 of the Lair of Beasts
 11499 | Lair:1   | Reached skill level 3 in Armour
 11553 | Lair:1   | Reached skill level 12 in Fighting
 11570 | Lair:1   | Gained mutation: You are dopey. (Int -2) [potion of mutation]
 11570 | Lair:1   | Gained mutation: You are agile. (Dex +2) [potion of mutation]
 11570 | Lair:1   | Gained mutation: You are resistant to hostile enchantments. (MR+) [potion of mutation]
 11698 | Lair:1   | Noticed a five-headed hydra
 11708 | Lair:1   | Killed a nine-headed hydra
 12017 | Lair:1   | Noticed Sonja
 12033 | Lair:1   | Killed Sonja
 12033 | Lair:1   | Reached skill level 4 in Armour
 12262 | Lair:1   | Reached skill level 3 in Evocations
 12508 | Lair:1   | HP: 19/104 [spiny frog (15)]
 12513 | Lair:1   | HP: 9/104 [poisoned by a spiny frog]
 12518 | Lair:1   | HP: 6/104 [poisoned by a spiny frog]
 12523 | Lair:1   | HP: 5/104 [poisoned by a spiny frog]
 12528 | Lair:1   | HP: 4/104 [poisoned by a spiny frog]
 12535 | Lair:1   | HP: 4/104 [poisoned by a spiny frog]
 12543 | Lair:1   | HP: 4/104 [poisoned by a spiny frog]
 12938 | Lair:1   | Reached *** piety under Wu Jian
 13835 | Lair:1   | Reached skill level 5 in Armour
 14073 | Lair:2   | Noticed a five-headed hydra
 14085 | Lair:2   | Killed a nine-headed hydra
 14085 | Lair:2   | Reached skill level 4 in Evocations
 14094 | Lair:2   | Reached skill level 17 in Long Blades
 14224 | Lair:2   | Reached XP level 12. HP: 113/113 MP: 14/14
 15155 | Lair:2   | Found a hole to the Spider Nest.
 15561 | Lair:3   | Reached skill level 6 in Armour
 15777 | Lair:3   | Reached skill level 13 in Fighting
 15796 | Lair:3   | Reached **** piety under Wu Jian
 15996 | Lair:3   | Reached skill level 5 in Evocations
 16163 | Lair:3   | Identified a scroll of acquirement
 16348 | Lair:3   | Found a staircase to the Swamp.
 16393 | Lair:3   | Noticed a four-headed hydra
 16403 | Lair:3   | Killed a seven-headed hydra
 16403 | Lair:3   | Reached skill level 7 in Armour
 17123 | Lair:4   | Noticed a death yak
 17123 | Lair:4   | Noticed a death yak
 17124 | Lair:4   | Noticed a death yak
 17140 | Lair:4   | Killed a death yak
 17140 | Lair:4   | Reached skill level 18 in Long Blades
 17143 | Lair:4   | Killed a death yak
 17152 | Lair:4   | Killed a death yak
 17233 | Lair:4   | Noticed a four-headed hydra
 17245 | Lair:4   | HP: 24/115 [ten-headed hydra (10)]
 17245 | Lair:4   | HP: 7/115 [ten-headed hydra (9)]
 17246 | Lair:4   | Slain by a ten-headed hydra

Vanquished Creatures
  3 hydras
  3 death yaks (Lair:4)
  Sonja (Lair:1)
  An unseen horror (D:10)
  8 spiny frogs
  A rime drake (Lair:3)
  4 komodo dragons
  2 trolls
  2 hippogriffs
  A hornet (Lair:2)
  13 blink frogs
  A spriggan (D:8)
  13 yaks
  4 wyverns
  2 basilisks
  A steam dragon (D:10)
  2 hungry ghosts
  4 vampire mosquitoes (Lair:3)
  Edmund (D:5)
  Menkaure (D:5)
  8 water moccasins
  6 porcupines
  3 ice beasts
  A sky beast (D:10)
  2 orc warriors
  3 eyes of draining
  2 ogres
  6 centaurs
  A necrophage (D:8)
  15 wolves
  9 crocodiles
  2 big kobolds
  13 bullfrogs
  5 scorpions
  A wyvern skeleton (D:8)
  14 killer bees
  13 wights
  2 howler monkeys
  An electric eel (Lair:3)
  3 crimson imps
  2 hounds
  2 bullfrog zombies
  A bullfrog skeleton (D:5)
  2 orc priests
  2 centaur skeletons
  9 orc wizards
  3 iguanas
  10 worker ants
  A hound skeleton (D:5)
  A worker ant zombie (D:7)
  11 adders
  A gnoll (D:1)
  An ooze (D:4)
  An adder zombie (D:8)
  An adder skeleton (D:8)
  5 worms
  A dart slug (D:1)
  5 leopard geckos
  24 orcs
  9 giant cockroaches
  12 goblins
  12 hobgoblins
  4 jackals (D:4)
  4 quokkas
  6 bats
  7 frilled lizards
  15 kobolds
  9 rats
  14 plants (Lair:2)
353 creatures vanquished.

Vanquished Creatures (others)
  A plant (Lair:1)
1 creature vanquished.

Grand Total: 354 creatures vanquished
